| TOP OF THE 1ST |
|
Minot Jets batting - Pitching for Great Falls Voyagers : RHP Julian Polanco
|
|
Pitching: RHP Julian Polanco
|
|
|
Batting: RHB Tony Beal
|
0-0: Ball 1-0: Called Strike 1-1: Ball 2-1: Bunted foul 2-2: Ball 3-2: Base on Balls
|
|
Batting: SHB William Eiland
|
0-0: Ball 1-0: Ball 2-0: Foul Ball, location: 2F 2-1: Fly out, F5 (Line Drive, 5, EV 66.9 MPH)
|
|
Batting: LHB Douglas Reibel
|
0-0: Ball 1-0: Called Strike 1-1: Ball 2-1: Called Strike 2-2: Ball 3-2: SINGLE (Line Drive, 6D, EV 98.1 MPH) Tony Beal to second Tony Beal to third
|
|
Batting: RHB Troy Afenir
|
0-0: Ball 1-0: Called Strike 1-1: Ball 2-1: Foul Ball, location: 2F 2-2: Strikes out swinging
|
|
Batting: SHB Howard Elwess
|
0-0: Ground out 5-3 (Groundball, 56S, EV 83.8 MPH)
|
| Top of the 1st over - 0 runs, 1 hit, 0 errors, 2 left on base; Minot 0 - Great Falls 0 |
| BOTTOM OF THE 1ST |
|
Great Falls Voyagers batting - Pitching for Minot Jets : LHP Allan Anderson
|
|
Pitching: LHP Allan Anderson
|
|
|
Batting: LHB Jose Fernandez
|
0-0: Ground out 1-3 (Groundball, 13, EV 65.6 MPH)
|
|
Batting: LHB Juan Villaescusa
|
0-0: Ball 1-0: Called Strike 1-1: Swinging Strike 1-2: Strikes out swinging
|
|
Batting: RHB Johnny Paredes
|
0-0: Fly out, F8 (Flyball, 8RM, EV 86.9 MPH)
|
| Bottom of the 1st over - 0 runs, 0 hits, 0 errors, 0 left on base; Minot 0 - Great Falls 0 |
| TOP OF THE 2ND |
|
Minot Jets batting - Pitching for Great Falls Voyagers : RHP Julian Polanco
|
|
Batting: RHB David Griego
|
0-0: Ball 1-0: Ball 2-0: Called Strike 2-1: Foul Ball, location: 2F 2-2: Strikes out swinging
|
|
Batting: RHB William Phillips
|
0-0: Called Strike 0-1: Swinging Strike 0-2: Fly out, F5 (Line Drive, 5, EV 67.5 MPH)
|
|
Batting: RHB Jesus Aybar
|
0-0: Foul Ball, location: 2F 0-1: Ground out 6-3 (Groundball, 6, EV 89.4 MPH)
|
| Top of the 2nd over - 0 runs, 0 hits, 0 errors, 0 left on base; Minot 0 - Great Falls 0 |
| BOTTOM OF THE 2ND |
|
Great Falls Voyagers batting - Pitching for Minot Jets : LHP Allan Anderson
|
|
Batting: RHB Jose Gomez
|
0-0: Ground out U3 (Groundball, 3, EV 86.9 MPH)
|
|
Batting: SHB John Kanter
|
0-0: Ball 1-0: Ball 2-0: Called Strike 2-1: Foul Ball, location: 2F 2-2: Ball 3-2: Foul Ball, location: 2F 3-2: Foul Ball, location: 2F 3-2: Single, Error in OF, E9, batter to second base (Line Drive, 89M, EV 92.5 MPH)
|
|
Batting: SHB Gerald Young
|
0-0: DOUBLE (Line Drive, 89M, EV 110.0 MPH) John Kanter scores
|
|
Batting: RHB Guy Duhon
|
0-0: Ground out 6-3 (Groundball, 6, EV 83.1 MPH) Gerald Young to third
|
|
Batting: RHB Paulino Garcia
|
0-0: Called Strike 0-1: Called Strike 0-2: SINGLE (Flyball, 89S, EV 97.5 MPH) Gerald Young scores
|
|
Batting: RHB Harvey Wilkerson
|
0-0: Called Strike 0-1: Ball 1-1: Called Strike 1-2: Ball 2-2: Strikes out swinging, 2-3 out at first.
|
| Bottom of the 2nd over - 2 runs, 3 hits, 1 error, 1 left on base; Minot 0 - Great Falls 2 |
| TOP OF THE 3RD |
|
Minot Jets batting - Pitching for Great Falls Voyagers : RHP Julian Polanco
|
|
Batting: RHB Hugo Olivas
|
0-0: Ball 1-0: Swinging Strike 1-1: Ball 2-1: Ball 3-1: Foul Ball, location: 2F 3-2: Ground out 4-3 (Groundball, 4, EV 91.3 MPH)
|
|
Batting: RHB Tony Beal
|
0-0: Ground out 5-3 (Groundball, 56S, EV 70.6 MPH)
|
|
Batting: SHB William Eiland
|
0-0: Called Strike 0-1: Called Strike 0-2: Strikes out looking
|
| Top of the 3rd over - 0 runs, 0 hits, 0 errors, 0 left on base; Minot 0 - Great Falls 2 |
| BOTTOM OF THE 3RD |
|
Great Falls Voyagers batting - Pitching for Minot Jets : LHP Allan Anderson
|
|
Batting: LHB Jose Fernandez
|
0-0: Fly out, F7 (Flyball, 7LM, EV 74.4 MPH)
|
|
Batting: LHB Juan Villaescusa
|
0-0: Foul Ball, location: 2F 0-1: Ball 1-1: Fly out, F7 (Flyball, 7S, EV 86.9 MPH)
|
|
Batting: RHB Johnny Paredes
|
0-0: Ground out 5-3 (Groundball, 56S, EV 74.4 MPH)
|
| Bottom of the 3rd over - 0 runs, 0 hits, 0 errors, 0 left on base; Minot 0 - Great Falls 2 |
| TOP OF THE 4TH |
|
Minot Jets batting - Pitching for Great Falls Voyagers : RHP Julian Polanco
|
|
Batting: LHB Douglas Reibel
|
0-0: Fly out, F8 (Flyball, 78XD, EV 102.5 MPH)
|
|
Batting: RHB Troy Afenir
|
0-0: Called Strike 0-1: Foul Ball, location: 2F 0-2: Foul Ball, location: 2F 0-2: Foul Ball, location: 2F 0-2: Strikes out swinging
|
|
Batting: SHB Howard Elwess
|
0-0: Called Strike 0-1: Ball 1-1: Foul Ball, location: 2F 1-2: Foul Ball, location: 2F 1-2: Strikes out looking
|
| Top of the 4th over - 0 runs, 0 hits, 0 errors, 0 left on base; Minot 0 - Great Falls 2 |
| BOTTOM OF THE 4TH |
|
Great Falls Voyagers batting - Pitching for Minot Jets : LHP Allan Anderson
|
|
Batting: RHB Jose Gomez
|
0-0: Ball 1-0: SINGLE (Groundball, 56D, EV 100.6 MPH)
|
|
Batting: SHB John Kanter
|
0-0: Ball 1-0: Fly out, F8 (Flyball, 8LXD, EV 90.6 MPH)
|
|
Batting: SHB Gerald Young
|
0-0: Fly out, F8 (Line Drive, 8RD, EV 91.9 MPH)
|
|
Batting: RHB Guy Duhon
|
0-0: Foul Ball, location: 2F 0-1: Ball 1-1: Ball 2-1: Called Strike 2-2: Ground out 4-3 (Groundball, 4, EV 101.9 MPH)
|
| Bottom of the 4th over - 0 runs, 1 hit, 0 errors, 1 left on base; Minot 0 - Great Falls 2 |
| TOP OF THE 5TH |
|
Minot Jets batting - Pitching for Great Falls Voyagers : RHP Julian Polanco
|
|
Batting: RHB David Griego
|
0-0: Ball 1-0: Called Strike 1-1: Called Strike 1-2: Strikes out swinging
|
|
Batting: RHB William Phillips
|
0-0: Ground out 6-3 (Groundball, 56D, EV 103.8 MPH)
|
|
Batting: RHB Jesus Aybar
|
0-0: SINGLE (Line Drive, 56D, EV 108.8 MPH)
|
|
Batting: RHB Hugo Olivas
|
0-0: Ball Jesus Aybar is caught stealing 2nd base 2-4
|
| Top of the 5th over - 0 runs, 1 hit, 0 errors, 0 left on base; Minot 0 - Great Falls 2 |
| BOTTOM OF THE 5TH |
|
Great Falls Voyagers batting - Pitching for Minot Jets : LHP Allan Anderson
|
|
Batting: RHB Paulino Garcia
|
0-0: Ball 1-0: Foul Ball, location: 2F 1-1: Ball 2-1: Called Strike 2-2: Ball 3-2: Base on Balls
|
|
Batting: RHB Harvey Wilkerson
|
0-0: Called Strike 0-1: Ball 1-1: Swinging Strike 1-2: Ball 2-2: Fly out, F9 (Flyball, 9D, EV 95.6 MPH)
|
|
Batting: LHB Jose Fernandez
|
0-0: Called Strike Paulino Garcia is caught stealing 2nd base 2-6 0-1: Ball 1-1: Swinging Strike 1-2: Fly out, F8 (Line Drive, 8LM, EV 97.5 MPH)
|
| Bottom of the 5th over - 0 runs, 0 hits, 0 errors, 0 left on base; Minot 0 - Great Falls 2 |
| TOP OF THE 6TH |
|
Minot Jets batting - Pitching for Great Falls Voyagers : RHP Julian Polanco
|
|
Batting: RHB Hugo Olivas
|
0-0: Ball 1-0: Called Strike 1-1: Called Strike 1-2: Ball 2-2: Ball 3-2: DOUBLE (Line Drive, 89M, EV 101.3 MPH)
|
|
Batting: RHB Tony Beal
|
0-0: Called Strike 0-1: Swinging Strike 0-2: Strikes out looking
|
|
Batting: SHB William Eiland
|
0-0: SINGLE (Line Drive, 5D, EV 100.0 MPH) Hugo Olivas to third Runner from 3rd tries for Home, SAFE, throw by LF to home
|
|
Batting: LHB Douglas Reibel
|
0-0: Swinging Strike 0-1: Foul Ball, location: 2F 0-2: Ball 1-2: Strikes out swinging
|
|
Batting: RHB Troy Afenir
|
0-0: Ball 1-0: 2-RUN HOME RUN (Flyball, 7D, EV 106.9 MPH), Distance : 373 ft
|
|
Batting: SHB Howard Elwess
|
0-0: Fly out, F9 (Flyball, 89S, EV 91.9 MPH)
|
| Top of the 6th over - 3 runs, 3 hits, 0 errors, 0 left on base; Minot 3 - Great Falls 2 |
| BOTTOM OF THE 6TH |
|
Great Falls Voyagers batting - Pitching for Minot Jets : LHP Allan Anderson
|
|
Batting: LHB Juan Villaescusa
|
0-0: Called Strike 0-1: Fly out, F8 (Flyball, 8LD, EV 83.8 MPH)
|
|
Batting: RHB Johnny Paredes
|
0-0: Called Strike 0-1: Called Strike 0-2: Ball 1-2: Ball 2-2: Ball 3-2: Foul Ball, location: 2F 3-2: SINGLE (Groundball, 34D, EV 106.3 MPH)
|
|
Batting: RHB Jose Gomez
|
0-0: Ball Johnny Paredes steals 2nd base 1-0: Ball 2-0: Foul Ball, location: 2F 2-1: Foul Ball, location: 2F 2-2: Ball 3-2: Strikes out swinging
|
|
Batting: SHB John Kanter
|
0-0: Called Strike 0-1: Swinging Strike 0-2: Foul Ball, location: 2F 0-2: Foul Ball, location: 2F 0-2: Ball 1-2: Strikes out looking
|
| Bottom of the 6th over - 0 runs, 1 hit, 0 errors, 1 left on base; Minot 3 - Great Falls 2 |
| TOP OF THE 7TH |
|
Minot Jets batting - Pitching for Great Falls Voyagers : RHP Julian Polanco
|
|
Batting: RHB David Griego
|
0-0: Ball 1-0: Ball 2-0: Ground out U3 (Groundball, 3, EV 98.8 MPH)
|
|
Batting: RHB William Phillips
|
0-0: Called Strike 0-1: Ball 1-1: Called Strike 1-2: Foul Ball, location: 2F 1-2: Reached on error, E5 (Groundball, 56S, EV 73.1 MPH)
|
|
Batting: RHB Jesus Aybar
|
0-0: Ground out 1-3 (Groundball, 13, EV 69.4 MPH) William Phillips to third
|
|
Batting: RHB Hugo Olivas
|
0-0: Ball 1-0: Called Strike 1-1: Ball 2-1: Foul Ball, location: 2F 2-2: Ball 3-2: Ground out 6-3 (Groundball, 6, EV 86.9 MPH)
|
| Top of the 7th over - 0 runs, 0 hits, 1 error, 1 left on base; Minot 3 - Great Falls 2 |
| BOTTOM OF THE 7TH |
|
Great Falls Voyagers batting - Pitching for Minot Jets : LHP Allan Anderson
|
|
Batting: SHB Gerald Young
|
0-0: Swinging Strike 0-1: Ball 1-1: Called Strike 1-2: Ball 2-2: Ball 3-2: Base on Balls
|
|
Pinch Hitting: SHB Chris Cannizzaro
|
0-0: Foul Ball, location: 2F 0-1: Ball 1-1: Ball 2-1: Grounds into double play, 4-6-3 (Groundball, 4M, EV 97.5 MPH)
|
|
Batting: RHB Paulino Garcia
|
0-0: Fly out, F9 (Flyball, 9, EV 75.0 MPH)
|
| Bottom of the 7th over - 0 runs, 0 hits, 0 errors, 0 left on base; Minot 3 - Great Falls 2 |
| TOP OF THE 8TH |
|
Minot Jets batting - Pitching for Great Falls Voyagers : RHP Julian Polanco
|
|
Now in CF: Anthony Notaroberto
|
|
|
Batting: RHB Tony Beal
|
0-0: Called Strike 0-1: Ground out 4-3 (Groundball, 4, EV 81.3 MPH)
|
|
Batting: SHB William Eiland
|
0-0: Ball 1-0: Called Strike 1-1: Swinging Strike 1-2: Fly out, F9 (Flyball, 89XD, EV 94.4 MPH)
|
|
Batting: LHB Douglas Reibel
|
0-0: Foul Ball, location: 2F 0-1: SINGLE (Line Drive, 78S, EV 112.5 MPH)
|
|
Pitching: RHP Brian Roerden
|
|
|
Batting: RHB Troy Afenir
|
0-0: Ball 1-0: Ball 2-0: Called Strike Douglas Reibel is caught stealing 2nd base 2-4
|
| Top of the 8th over - 0 runs, 1 hit, 0 errors, 0 left on base; Minot 3 - Great Falls 2 |
| BOTTOM OF THE 8TH |
|
Great Falls Voyagers batting - Pitching for Minot Jets : LHP Allan Anderson
|
|
Batting: RHB Harvey Wilkerson
|
0-0: Ball 1-0: Ground out 4-3 (Groundball, 34, EV 108.8 MPH)
|
|
Batting: LHB Jose Fernandez
|
0-0: Called Strike 0-1: Foul Ball, location: 2F 0-2: SINGLE (Groundball, 4MD, EV 97.5 MPH)
|
|
Pinch Hitting: RHB Mike Mesh
|
0-0: Ball 1-0: Fly out, F9 (Line Drive, 9D, EV 96.9 MPH)
|
|
Batting: RHB Johnny Paredes
|
0-0: Ball 1-0: Ball 2-0: Ball 3-0: Called Strike 3-1: Swinging Strike 3-2: Ground out 6-3 (Groundball, 6, EV 86.3 MPH)
|
| Bottom of the 8th over - 0 runs, 1 hit, 0 errors, 1 left on base; Minot 3 - Great Falls 2 |
| TOP OF THE 9TH |
|
Minot Jets batting - Pitching for Great Falls Voyagers : RHP Brian Roerden
|
|
Now at 1B: Jim O'Dell
|
|
|
Batting: RHB Troy Afenir
|
0-0: Ball 1-0: Called Strike 1-1: Called Strike 1-2: Ball 2-2: Ground out 5-3 (Groundball, 5S, EV 69.4 MPH)
|
|
Batting: SHB Howard Elwess
|
0-0: Swinging Strike 0-1: Foul Ball, location: 2F 0-2: Ball 1-2: Ball 2-2: Reached on error, E5 (Groundball, 56, EV 79.4 MPH)
|
|
Batting: RHB David Griego
|
0-0: Intentional Walk
|
|
Batting: RHB William Phillips
|
0-0: Foul Ball, location: 2F 0-1: Ball 1-1: Ground out 5-3 (Groundball, 56S, EV 70.0 MPH) Howard Elwess to third David Griego to second
|
|
Batting: RHB Jesus Aybar
|
0-0: Ball 1-0: Ball 2-0: Fly out, F8 (Flyball, 8LD, EV 79.4 MPH)
|
| Top of the 9th over - 0 runs, 0 hits, 1 error, 2 left on base; Minot 3 - Great Falls 2 |
| BOTTOM OF THE 9TH |
|
Great Falls Voyagers batting - Pitching for Minot Jets : LHP Allan Anderson
|
|
Pitching: LHP Rodney Rehmert
|
|
|
Batting: RHB Jose Gomez
|
0-0: Called Strike 0-1: Ball 1-1: Called Strike 1-2: Fly out, F7 (Line Drive, 7, EV 102.5 MPH)
|
|
Batting: SHB John Kanter
|
0-0: Ball 1-0: Ball 2-0: Ball 3-0: Base on Balls
|
|
Batting: SHB Gerald Young
|
0-0: Ball 1-0: Ball 2-0: Fielders Choice at 2nd, 6-4 (Groundball, 6, EV 89.4 MPH)
|
|
Pinch Hitting: SHB Brian Guinn
|
0-0: Ball 1-0: Swinging Strike 1-1: Foul Ball, location: 2F 1-2: Foul Ball, location: 2F 1-2: Ball 2-2: 2-RUN HOME RUN (Flyball, 78XD, EV 104.4 MPH), Distance : 415 ft
|
| Bottom of the 9th over - 2 runs, 1 hit, 0 errors, 0 left on base; Minot 3 - Great Falls 4 |
|